 Dungeon Crawl Stone Soup version 0.20.1-1-g8b1a95d (webtiles) character file.

402 HuneSparrow the Skirmisher (level 6, 0/48 HPs)
             Began as a Demonspawn Fighter on July 20, 2017.
             Killed from afar by Knicklaso's ghost (5 damage)
             ... with a zap
             ... on level 4 of the Dungeon.
             The game lasted 00:08:36 (2966 turns).

HuneSparrow the Skirmisher (Demonspawn Fighter)     Turns: 2966, Time: 00:08:37

Health: 0/48       AC:  7    Str: 18    XL:     6   Next: 55%
Magic:  6/6        EV:  8    Int:  9    God:
Gold:   188        SH:  9    Dex: 15    Spells: 5/5 levels left

rFire    . . .     SeeInvis .   a - +0 long sword
rCold    + . .     Gourm    .   c - +0 shield
rNeg     . . .     Faith    .   b - +0 scale mail
rPois    .         Spirit   .   (no helmet)
rElec    .         Reflect  .   (no cloak)
rCorr    .         Harm     .   (no gloves)
MR       .....                  (no boots)
Stlth    +.........             (no amulet)
Regen    0.2/turn               (no ring)
MPRegen  0.1/turn               (no ring)

@: no status effects
A: thin skeletal structure 1, cold resistance 1, spiny 2
a: no special abilities


You were on level 4 of the Dungeon.
You were not hungry.

You visited 1 branch of the dungeon, and saw 4 of its levels.

You collected 188 gold pieces.

Inventory:

Hand Weapons
 a - a +0 long sword (weapon)
Armour
 b - a +0 scale mail (worn)
 c - a +0 shield (worn)
Scrolls
 e - a scroll of enchant weapon {unknown}
 h - a scroll of random uselessness {unknown}
 k - a scroll of magic mapping {unknown}
 l - 2 scrolls of remove curse {unknown}
 o - a scroll of teleportation {unknown}
 s - a scroll of blinking {unknown}
Potions
 d - a potion of might
 i - a potion of degeneration {unknown}
 m - 2 potions of cancellation
 n - a potion of curing
 p - 2 potions of lignification
 t - a potion of haste
Comestibles
 f - 3 bread rations
 g - 2 royal jellies
 q - a meat ration
 r - 3 chunks of flesh


   Skills:
 + Level 4.1 Fighting
 * Level 3.9 Long Blades
 + Level 3.7 Armour
 + Level 2.0 Dodging
 + Level 3.7 Shields


You had 5 spell levels left.
You didn't know any spells.

Dungeon Overview and Level Annotations

Branches:
Dungeon (4/15)
 Temple: D:4-7

Altars:
Yredelemnul
Zin

Annotations:
D:4 Knicklaso's ghost, amateur TeAE


Innate Abilities, Weirdness & Mutations

You have a somewhat thin skeletal structure. (Dex +2, Stealth)
Your flesh is cold resistant. (rC+)
You are mostly covered in sharp spines.


Message History

You block the worm's attack.
Knicklaso's ghost (amateur Tengu Air Elementalist) comes into view.
It is wielding a weapon of electrocution.
You slash the worm!
You kill the worm!
Press: ? - help, v - describe, . - travel The floor.
Knicklaso's ghost hits you.
You are electrocuted!
You hit Knicklaso's ghost.
Knicklaso's ghost is lightly damaged.
Knicklaso's ghost is struck by your spines.
Knicklaso's ghost hits you but does no damage.
You are electrocuted!
* * * LOW HITPOINT WARNING * * *
You hit Knicklaso's ghost.
Knicklaso's ghost is heavily damaged.
Knicklaso's ghost gestures at you while chanting.
The zap hits you!
* * * LOW HITPOINT WARNING * * *
The zap hits you!
You die...

...#. .... ###
....# #..# ...
# ....# #.. .#
.....##.#####.#
.......W......#
#..@......#
...#.....#..##
#.......<#
##..#.####
.....#. .... #.
... #. #.. ..
..


You could see Knicklaso's ghost.

Vanquished Creatures
  Sigmund (D:3)
  Jessica (D:2)
  Natasha (thrice) (D:2)
  A gnoll (D:1)
  7 adders
  4 worms
  A dart slug (D:3)
  A leopard gecko (D:3)
  4 orcs (D:3)
  4 bats (D:2)
  4 giant cockroaches
  6 goblins
  12 hobgoblins
  4 jackals (D:3)
  A quokka (D:3)
  A ball python (D:2)
  4 frilled lizards
  8 kobolds
  10 rats
77 creatures vanquished.

Notes
Turn   | Place    | Note
-------+----------+-------------------------------------------
     0 | D:1      | HuneSparrow the Demonspawn Fighter began the quest for the Orb.
     0 | D:1      | Reached XP level 1. HP: 18/18 MP: 1/1
   184 | D:1      | Gained mutation: You are partially covered in sharp spines. [demonic ancestry]
   184 | D:1      | Reached XP level 2. HP: 23/24 MP: 2/2
   818 | D:2      | Found a basalt altar of Yredelemnul.
   860 | D:2      | Gained mutation: You are mostly covered in sharp spines. [demonic ancestry]
   860 | D:2      | Reached XP level 3. HP: 26/29 MP: 3/3
   894 | D:2      | Noticed Natasha
   901 | D:2      | Killed Natasha
   980 | D:2      | Reached XP level 4. HP: 35/35 MP: 4/4
  1077 | D:2      | Noticed Natasha
  1084 | D:2      | Killed Natasha
  1084 | D:2      | Reached skill level 1 in Dodging
  1226 | D:2      | Noticed Jessica
  1233 | D:2      | Killed Jessica
  1368 | D:2      | Noticed Natasha
  1378 | D:2      | Killed Natasha
  1378 | D:2      | Gained mutation: You have a somewhat thin skeletal structure. (Dex +2, Stealth) [demonic ancestry]
  1378 | D:2      | Reached XP level 5. HP: 19/42 MP: 5/5
  1704 | D:2      | Found a glowing silver altar of Zin.
  2430 | D:3      | Noticed Sigmund
  2448 | D:3      | Killed Sigmund
  2448 | D:3      | Reached skill level 4 in Fighting
  2448 | D:3      | Gained mutation: Your flesh is cold resistant. (rC+) [demonic ancestry]
  2448 | D:3      | Reached XP level 6. HP: 16/48 MP: 6/6
  2962 | D:4      | Noticed Knicklaso's ghost (amateur TeAE)
  2966 | D:4      | Killed from afar by Knicklaso's ghost

Skill      XL: |  1  2  3  4  5  6 |
---------------+-------------------+-----
Long Blades    | 2 3 |  3.9
Shields        | 3 |  3.7
Armour         | 3 |  3.7
Dodging        | 1 2 |  2.0
Fighting       | 4 |  4.1

Action                   |  1- 3 |  4- 6 || total
-------------------------+-------+-------++-------
Melee: Long sword        |    54 |   134 ||   188
  Use: Scroll            |       |     3 ||     3
  Eat: Chunk             |       |     7 ||     7
Armor: Scale mail        |    23 |    43 ||    66
Dodge: Dodged            |    13 |    26 ||    39
Block: Shield            |    31 |    78 ||   109
       Rpst.: Long sword |       |     8 ||     8
